Map: Cactus Valley LE (Void)

Players

Loken - Winner!

  • Race: Protoss Protoss
  • Spawn Location: 7:00

FrogMint

  • Race: Zerg Zerg
  • Spawn Location: 5:00

VOD

Have the link to the VOD?

Description

Time

  • Played on: March 13, 2017, 12:44 p.m.
  • Length: 11:07
Show
View Real Time Build Order
Export as new Build Order

Loken Protoss - Winner!

Build Orders: Nexus First, Zealot Archon 

Get SALT Encoding   

  12  0:01  Probe (Chrono Boost)  
  13  0:12  Probe (Chrono Boost)  
  14  0:20  Pylon  
  14  0:23  Probe (Chrono Boost)  
  15  0:53  Nexus  
  15  1:00  Probe (Chrono Boost)  
  16  1:11  Probe (Chrono Boost)  
  17  1:12  Gateway  
  17  1:21  Probe (Chrono Boost)  
  18  1:29  Assimilator  
  18  1:32  Probe (Chrono Boost)  
  19  1:45  Pylon, Assimilator  
  19  1:46  Probe (Chrono Boost)  
  20  1:57  Probe (Chrono Boost)  
  20  2:00  Cybernetics Core  
  21  2:06  Probe (Chrono Boost)  
  21  2:07  Probe (Chrono Boost)  
  23  2:11  Gateway  
  23  2:17  Probe (Chrono Boost)  
  23  2:18  Probe (Chrono Boost)  
  25  2:27  Warp Gate  
  25  2:28  Gateway  
  25  2:34  Probe (Chrono Boost)  
  26  2:39  Probe (Chrono Boost)  
  27  2:44  Probe (Chrono Boost)  
  27  2:51  Probe (Chrono Boost)  
  29  2:56  Probe (Chrono Boost)  
  29  3:03  Probe (Chrono Boost)  
  30  3:06  Sentry  
  30  3:07  Probe (Chrono Boost)  
  33  3:15  Probe (Chrono Boost)  
  33  3:16  Zealot  
  33  3:17  Probe (Chrono Boost)  
  37  3:23  Twilight Council  
  38  3:27  Probe (Chrono Boost)  
  38  3:32  Sentry  
  40  3:35  Pylon  
  40  3:39  Probe (Chrono Boost)  
  40  3:51  Probe (Chrono Boost)  
  40  3:55  Probe (Chrono Boost)  
  43  4:03  Probe (Chrono Boost)  
  43  4:05  Dark Shrine  
  43  4:06  Probe (Chrono Boost)  
  44  4:14  Assimilator  
  44  4:16  Probe x2 (Chrono Boost)  
  46  4:20  Assimilator  
  46  4:27  Probe (Chrono Boost)  
  47  4:37  Gateway, Probe (Chrono Boost)  
  48  4:38  Gateway  
  48  4:40  Gateway  
  48  4:44  Gateway  
  48  4:47  Pylon  
  48  4:48  Probe (Chrono Boost)  
  48  4:51  Pylon  
  49  4:55  Pylon  
  49  4:57  Probe (Chrono Boost)  
  49  4:59  Forge, Probe (Chrono Boost)  
  51  5:01  Forge  
  51  5:06  Zealot x2  
  55  5:07  Stalker  
  55  5:08  Probe (Chrono Boost)  
  58  5:39  Adept  
  58  5:42  Pylon, Dark Templar x5  
  68  5:43  Dark Templar  
  72  6:25  Stalker x3  
  76  6:26  Stalker x4  
  82  6:59  Stalker x2  
  86  7:08  Protoss Ground Weapons Level 1  
  86  7:12  Pylon  
  86  7:15  Pylon  
  86  7:17  Pylon  
  86  7:20  Protoss Ground Armor Level 1, Blink  
  86  7:21  Templar Archives  
  86  7:26  Archon x2  
  86  7:47  Pylon  
  86  7:48  Stalker x4  
  86  7:49  Stalker, Pylon  
  86  7:51  Stalker x2  
  100  7:52  Pylon  
  100  8:09  Nexus  
  100  8:11  Gateway  
  100  8:12  Gateway  
  100  8:14  Gateway  
  100  8:20  Zealot  
  100  8:21  Zealot x5  
  100  8:22  Zealot  
  114  8:32  Psionic Storm  
  114  8:47  Pylon  
  114  8:49  Pylon  
  114  8:50  Zealot  
  114  8:51  Zealot x5, Pylon  
  114  8:52  Zealot  
  128  9:20  Robotics Facility x2  
  128  9:21  Robotics Facility  
  128  9:36  Dark Templar x2  
  128  9:37  Dark Templar  
  134  9:46  Assimilator  
  134  9:50  Assimilator  
  86  10:35  Stalker  
  86  10:36  Stalker x5  
  86  10:37  Stalker x2  
  86  10:38  Stalker x2  
Show
View Real Time Build Order
Export as new Build Order

FrogMint Zerg 

Build Orders: Hatch First 

Get SALT Encoding   

  12  0:01  Drone  
  13  0:12  Overlord  
  13  0:18  Drone  
  14  0:30  Drone  
  14  0:34  Drone  
  16  0:40  Drone  
  17  0:45  Drone  
  18  1:03  Hatchery  
  17  1:04  Extractor  
  16  1:15  Drone  
  17  1:19  Spawning Pool  
  17  1:20  Drone  
  17  1:30  Drone x2  
  19  1:39  Drone  
  20  1:52  Overlord  
  20  2:01  Drone  
  21  2:10  Queen, Metabolic Boost  
  23  2:15  Drone  
  23  2:19  Drone  
  23  2:20  Queen  
  27  2:30  Zergling x2  
  27  2:34  Zergling x2  
  29  2:38  Drone  
  29  2:40  Overlord  
  30  2:55  Drone  
  31  3:07  Zergling x2  
  31  3:08  Zergling x4  
  31  3:12  Lair  
  34  3:14  Drone  
  34  3:16  Drone  
  36  3:22  Zergling x4  
  38  3:28  Queen  
  40  3:48  Drone x3  
  42  3:54  Spore Crawler  
  41  3:56  Spore Crawler  
  40  4:05  Hatchery  
  39  4:21  Drone x4  
  39  4:24  Extractor, Overlord x2  
  42  4:28  Extractor  
  41  4:33  Roach Warren  
  41  4:35  Drone x3  
  43  4:41  Infestation Pit, Drone  
  43  4:42  Overlord  
  43  4:43  Overlord x2  
  43  4:48  Hydralisk Den  
  43  4:50  Drone x2  
  44  4:53  Drone  
  45  5:14  Roach x3  
  45  5:15  Roach x3  
  45  5:20  Glial Reconstitution  
  57  5:23  Drone  
  57  5:26  Drone x2  
  60  5:30  Drone  
  60  5:31  Drone x3  
  64  5:45  Overseer  
  64  5:52  Hydralisk x4  
  72  5:59  Ravager  
  73  6:04  Drone x2, Extractor  
  73  6:07  Overlord  
  73  6:09  Drone x5  
  79  6:12  Drone x2  
  81  6:21  Pneumatized Carapace  
  53  6:44  Hydralisk x4  
  53  6:45  Hydralisk  
  43  6:54  Zergling x2  
  43  6:55  Zergling x6  
  43  6:57  Queen  
  49  7:04  Roach x2  
  53  7:17  Overseer  
  53  7:31  Drone x2  
  53  7:32  Queen, Drone  
  53  7:36  Queen  
  60  7:39  Drone x2  
  62  7:55  Spore Crawler  
  62  7:56  Drone x2  
  62  7:57  Drone  
  64  8:08  Ravager  
  65  8:17  Roach x3  
  65  8:18  Roach x4  
  79  8:23  Lurker Den  
  79  8:26  Hydralisk  
  79  8:31  Zergling x4  
  79  8:33  Overlord  
  83  8:41  Ravager  
  83  8:42  Ravager x3  
  87  8:56  Drone x3  
  90  9:05  Hydralisk  
  90  9:06  Zergling x10  
  90  9:07  Zergling x2  
  98  9:10  Hydralisk x3  
  104  9:31  Burrow  
  104  9:51  Lurker x2  
  106  9:53  Overlord  
  106  9:54  Overlord x3  
  106  9:55  Hatchery  
  91  10:20  Hydralisk x2  
  91  10:21  Hydralisk x2  
  76  10:22  Zergling x4  
  76  10:23  Zergling x6  
  69  10:31  Zergling x14  
  63  10:39  Zergling x8  
Tags
 
Add a new tag
Caveats
  • Supply blocks, unpowered buildings, or Contaminate may cause inaccurate times.
  • Supply counts are checked every 10 seconds.